 Dungeon Crawl Stone Soup version 0.31-a0-175-g9f7f995f2b (webtiles) character file.

Game seed: 17826241087221845640

123 qw the Shooter (level 5, -3/49 HPs)
             Began as a Naga Hunter on June 17, 2023.
             Slain by Natasha (9 damage)
             ... on level 3 of the Dungeon.
             The game lasted 00:00:37 (1803 turns).

qw the Shooter (Naga Hunter)                        Turns: 1803, Time: 00:00:38

Health: -3/49      AC:  3    Str: 13    XL:     5   Next: 7%
Magic:  5/5        EV:  9    Int: 10    God:
Gold:   178        SH:  0    Dex: 16    Spells: 4/4 levels left

rFire   . . .        Y - +1 shortbow
rCold   . . .        (shield currently unavailable)
rNeg    . . .        c - +0 leather armour
rPois   +            (no helmet)
rElec   .            (no cloak)
rCorr   .            (no gloves)
SInv    +            (no barding)
Will    .....        (no amulet)
Stlth   ++           (no ring)
HPRegen 0.28/turn    (no ring)
MPRegen 0.09/turn

%: no passive effects
@: about to teleport, short of breath, slowed, very slow
A: AC +1, large, see invisible, deformed body, poison resistance, slowness 2,
spit poison 1, naga tail 1
a: Spit Poison


You were on level 3 of the Dungeon.
You visited 1 branch of the dungeon, and saw 3 of its levels.

You collected 178 gold pieces.


Innate Abilities, Weirdness & Mutations

Your serpentine skin is tough. (AC +1)
You have supernaturally acute eyesight. (SInv)
Armour fits poorly on your strangely shaped body.
Your system is resistant to poisons. (rPois)
You cover ground very slowly.
You can spit poison.
You have a snake-like lower body.


   Skills:
 - Level 3.0 Fighting
 + Level 5.2 Ranged Weapons
 - Level 1.5 Dodging
 - Level 1.5 Stealth


You had 4 spell levels left.
You didn't know any spells.
Your spell library was empty.

Inventory:

Hand Weapons
 Y - a +1 shortbow (weapon)
Armour
 c - a +0 leather armour (worn)
 h - a +0 helmet
Scrolls
 b - a scroll of revelation {unknown}
 g - a scroll of teleportation
 i - 4 scrolls of identify
Potions
 a - a potion of attraction {unknown}
 d - a potion of haste {unknown}
 e - 3 potions of enlightenment {unknown}
 f - 2 potions of curing
 j - a potion of brilliance {unknown}
 k - a potion of resistance {unknown}
 l - 3 potions of degeneration {unknown}

Dungeon Overview and Level Annotations

Branches:
Dungeon (3/15)

Altars:

Shops:
D:3 :

Annotations:
D:3 1 runed translucent door, Natasha; qw's ghost, amateur GrHu


Message History

You feel as though you will be slow longer.
The cerulean imp hits you but does no damage. x2
You shoot an arrow. The arrow hits Natasha!
Natasha is severely wounded.
Natasha stares at you and mumbles some strange words.
You resist with some effort.
The cerulean imp hits you from afar with a +0 spear.
The cerulean imp closely misses you. Natasha claws you.
The cerulean imp closely misses you.
The cerulean imp hits you from afar with a +0 spear.
You shoot an arrow. The arrow closely misses Natasha.
Natasha stares at you and mumbles some strange words.
You resist with some effort.
The cerulean imp hits you from afar with a +0 spear.
The cerulean imp hits you but does no damage.
Natasha claws you.
The cerulean imp hits you but does no damage.
You shoot an arrow. The arrow closely misses Natasha.
You have got your breath back.
The cerulean imp hits you but does no damage.
Natasha claws you but does no damage.
The cerulean imp hits you from afar with a +0 spear.
The cerulean imp hits you but does no damage.
Natasha casts a spell.
1802 ||| INVOKING Spit Poison.
Aiming: Spit Poison (1% risk of failure)
Press: ? - help, Shift-Dir - straight line, f/p - Natasha The splash of poison misses Natasha.
The cerulean imp hits you from afar with a +0 spear.
The cerulean imp barely misses you.
Natasha stares at you and mumbles some strange words.
The magic dart hits you!
The cerulean imp hits you but does no damage.
The cerulean imp hits you from afar with a +0 spear. x2
1803 ||| READING 2 scrolls of teleportation.
As you read the scroll of teleportation, it crumbles to dust.
You feel strangely unstable.
The cerulean imp hits you from afar with a +0 spear.
Natasha claws you!
You die...

~~~~P~~~~~...#.#.#.#...7...7...7.
~~~~~7~7......######.7...7...7...
~7~~P7~.......## #777.777.777.7
7P~7~..........#####.7...7...7...
~.####............###..7..)7...7.
..# #................777.777.777
### ##########.....##.7...7...7.
#########5..##..7...7...
.......@.#..##.777.777.%
#...#..h#5..##..7...7.#.
......5...#.##......###.
#...#...#.#.........# #.
...........>##.5....# #. #######
#########..###......# #. ......#
#.......# ##....## ## ......#
#.......# #....# #.###.#
#.......# #....#


You could see Natasha and 3 cerulean imps.

Vanquished Creatures
  Jessica (D:2)
  Natasha (D:3)
  Robin (D:3)
  An adder (D:3)
  A dart slug (D:2)
  3 orcs (D:3)
  3 endoplasms
  3 giant cockroaches
  6 hobgoblins
  A quokka (D:1)
  3 ball pythons (D:2)
  5 bats
  4 frilled lizards
  8 goblins (D:3)
  3 kobolds
  4 rats
48 creatures vanquished.

Notes
Turn   | Place    | Note
-------+----------+-------------------------------------------
     0 | D:1      | qw the Naga Hunter began the quest for the Orb.
     0 | D:1      | Reached XP level 1. HP: 19/19 MP: 1/1
     0 | D:1      | 0 ||| qw: Version: 0.3-a-2-g5ab2908
     0 | D:1      | 0 ||| qw: Game counter: 266
     0 | D:1      | 0 ||| qw: Always use a shield: true
     0 | D:1      | 0 ||| qw: God list: Okawaru
     0 | D:1      | 0 ||| qw: Allow faded altars: false
     0 | D:1      | 0 ||| qw: Do Orc after D:15 true
     0 | D:1      | 0 ||| qw: Do second Lair branch before Depths: true
     0 | D:1      | 0 ||| qw: Lair rune preference: random
     0 | D:1      | 0 ||| qw: Plans: Normal
     0 | D:1      | 0 ||| PLANNING D:1-11
    77 | D:1      | 77 ||| INVOKING Spit Poison.
    81 | D:1      | 81 ||| INVOKING Spit Poison.
   104 | D:1      | 104 ||| INVOKING Spit Poison.
   166 | D:1      | Reached skill level 4 in Ranged Weapons
   166 | D:1      | Reached XP level 2. HP: 26/26 MP: 2/2
   168 | D:1      | 168 ||| INVOKING Spit Poison.
   173 | D:1      | 173 ||| INVOKING Spit Poison.
   258 | D:1      | 258 ||| INVOKING Spit Poison.
   366 | D:1      | 366 ||| INVOKING Spit Poison.
   424 | D:1      | 424 ||| READING scroll labelled URIAGULOSAI.
   425 | D:1      | 425 ||| READING scroll labelled EXAURA NIJAUMI.
   428 | D:1      | 428 ||| DROPPING scroll of butterflies.
   433 | D:2      | 433 ||| INVOKING Spit Poison.
   438 | D:2      | 438 ||| INVOKING Spit Poison.
   446 | D:2      | 446 ||| Stepping ~*~*~tactically~*~*~ (outnumbered).
   448 | D:2      | 448 ||| INVOKING Spit Poison.
   455 | D:2      | 455 ||| INVOKING Spit Poison.
   459 | D:2      | 459 ||| INVOKING Spit Poison.
   470 | D:2      | 470 ||| INVOKING Spit Poison.
   474 | D:2      | 474 ||| INVOKING Spit Poison.
   504 | D:2      | 504 ||| INVOKING Spit Poison.
   567 | D:2      | 567 ||| INVOKING Spit Poison.
   568 | D:2      | Reached XP level 3. HP: 32/32 MP: 3/3
   604 | D:2      | 604 ||| INVOKING Spit Poison.
   622 | D:2      | 622 ||| INVOKING Spit Poison.
   625 | D:2      | 625 ||| INVOKING Spit Poison.
   648 | D:2      | 648 ||| INVOKING Spit Poison.
   715 | D:2      | Noticed Jessica
   717 | D:2      | 717 ||| INVOKING Spit Poison.
   717 | D:2      | Killed Jessica
   784 | D:2      | 784 ||| INVOKING Spit Poison.
  1054 | D:2      | 1054 ||| DROPPING ring of flight.
  1055 | D:2      | 1055 ||| READING scroll labelled SIRCHO SEIDOA.
  1056 | D:2      | 1056 ||| READING scroll labelled ATIGICHAZUS.
  1057 | D:2      | 1057 ||| READING scroll labelled BAYT NUDITIMU.
  1058 | D:2      | 1058 ||| DRINKING 2 puce potions.
  1107 | D:3      | 1107 ||| INVOKING Spit Poison.
  1110 | D:3      | Reached skill level 5 in Ranged Weapons
  1110 | D:3      | Reached XP level 4. HP: 39/39 MP: 4/4
  1212 | D:3      | 1212 ||| INVOKING Spit Poison.
  1221 | D:3      | 1221 ||| INVOKING Spit Poison.
  1284 | D:3      | 1284 ||| INVOKING Spit Poison.
  1304 | D:3      | Noticed Natasha
  1307 | D:3      | 1307 ||| INVOKING Spit Poison.
  1309 | D:3      | Killed Natasha
  1374 | D:3      | 1374 ||| INVOKING Spit Poison.
  1378 | D:3      | 1378 ||| INVOKING Spit Poison.
  1381 | D:3      | 1381 ||| INVOKING Spit Poison.
  1411 | D:3      | 1411 ||| INVOKING Spit Poison.
  1411 | D:3      | Noticed Robin
  1412 | D:3      | Reached skill level 3 in Fighting
  1414 | D:3      | 1414 ||| INVOKING Spit Poison.
  1415 | D:3      | 1415 ||| INVOKING Spit Poison.
  1419 | D:3      | 1419 ||| INVOKING Spit Poison.
  1423 | D:3      | 1423 ||| INVOKING Spit Poison.
  1423 | D:3      | Killed Robin
  1474 | D:3      | Found a runed translucent door.
  1475 | D:3      | Noticed qw's ghost (amateur GrHu)
  1520 | D:3      | Found Wuijit's Book Shop.
  1718 | D:3      | 1718 ||| INVOKING Spit Poison.
  1721 | D:3      | Reached XP level 5. HP: 49/49 MP: 5/5
  1792 | D:3      | Noticed Natasha
  1793 | D:3      | 1793 ||| Stepping ~*~*~tactically~*~*~ (outnumbered).
  1794 | D:3      | 1794 ||| INVOKING Spit Poison.
  1796 | D:3      | 1796 ||| Stepping ~*~*~tactically~*~*~ (outnumbered).
  1798 | D:3      | 1798 ||| INVOKING Spit Poison.
  1802 | D:3      | 1802 ||| INVOKING Spit Poison.
  1802 | D:3      | HP: 10/49 [cerulean imp/+0 spear[Natasha] (3)]
  1803 | D:3      | 1803 ||| READING 2 scrolls of teleportation.
  1803 | D:3      | Slain by Natasha

Levels and vault maps discovered:
D:1:      minmay_arrival_shattered_statue, layout_basic
D:2:      layout_loops_ring, hangedman_glass_teeth, minmay_circle_x,
          uniq_jessica
D:3:      layout_basic, lemuel_coloured_pillars_altar, serial_shops,
          nicolae_shop_statue_plus, gammafunk_ghost_grave, kennysheep_doodads,
          serial_bayou_lake_a, uniq_robin, uniq_natasha

Skill      XL: |  1  2  3  4 |
---------------+-------------+-----
Ranged Weapons | 4 5 |  5.2
Fighting       | 3 |  3.0
Dodging        | |  1.5
Stealth        | |  1.5

Action                     |  1- 3 |  4- 6 || total
---------------------------+-------+-------++-------
   Fire: Shortbow          |    44 |    33 ||    77
Ability: Spit Poison       |    22 |    15 ||    37
    Use: Scroll            |     5 |     1 ||     6
         Potion            |     1 |       ||     1
 Armour: Leather armour    |     6 |     9 ||    15
  Dodge: Dodged            |     8 |    10 ||    18

Table legend:
 A = Non-vault XP
 B = Vault XP
 C = Vault XP percentage of total XP
 D = Non-vault monster count
 E = Vault monster count
 F = Vault count percentage of total count
                 A         B        C        D         E       F
            +---------+---------+-------+---------+---------+-------
      Total |      60 |     116 |  65.9 |      29 |      19 |  39.6
            +---------+---------+-------+---------+---------+-------
        D:1 |      19 |       0 |   0.0 |      12 |       0 |   0.0
        D:2 |      13 |      45 |  77.6 |       9 |       6 |  40.0
        D:3 |      28 |      71 |  71.7 |       8 |      13 |  61.9
            +---------+---------+-------+---------+---------+-------
